 Dungeon Crawl Stone Soup version 0.29.1-debian-1-gc3f1650bb9 (webtiles) character file.

Game seed: 16914543225939364291

22344 drugrobin the Jinx (level 12, 0/104 HPs)
             Began as a Demigod Delver on Sept 12, 2022.
             Engulfed by an ice statue's freezing vapour (16 damage)
             ... in an ice cave.
             The game lasted 01:05:30 (22979 turns).

drugrobin the Jinx (Demigod Delver)                Turns: 22979, Time: 01:05:31

Health: 0/104      AC: 10    Str: 18    XL:     12   Next: 30%
Magic:  2/22       EV: 14    Int: 20    God:
Gold:   497        SH:  5    Dex: 18    Spells: 0/20 levels left

rFire   x . .      SeeInvis .   d - +2 short sword (protect)
rCold   + . .      Faith    .   (no shield)
rNeg    . . .      Spirit   .   U - +0 steam dragon scales
rPois   +          Reflect  +   (no helmet)
rElec   .          Harm     .   Y - +1 cloak {rPois}
rCorr   .          Rampage  .   J - +2 pair of gloves of the Crypt {rPois Will+}
Will    ++...                   (no boots)
Stlth   +++.......              r - amulet of reflection
HPRegen 0.27/turn               o - ring of protection from cold
MPRegen 0.18/turn               B - ring of wizardry

@: very slightly contaminated, slowed, very slow
A: high MP 1, forlorn, divine attributes, clever 1, weak 1, heat vulnerability 1
a: no special abilities


You were in an ice cave.
You visited 2 branches of the dungeon, and saw 12 of its levels.
You also visited: Sewer and Ice Cave.

You collected 861 gold pieces.
You spent 364 gold pieces at shops.

Inventory:

Hand Weapons
 a - a +1 dagger of speed
 b - the +6 sling of Kismet {vorpal, rElec rPois Str+4}
   (You took it off a gnoll on level 9 of the Dungeon)

   Any ammunition fired from it inflicts extra damage upon your enemies.
   Str:       It affects your strength (+4).
   rElec:     It insulates you from electricity.
   rPois:     It protects you from poison.
 c - a +1 dagger of draining
 d - a +2 short sword of protection (weapon)
 e - a +0 dagger of venom
Missiles
 i - 4 boomerangs (quivered)
 q - 53 poisoned darts
 F - 2 curare-tipped darts
 O - a throwing net
 T - 7 javelins
Armour
 J - the +2 pair of gloves of the Crypt (worn) {rPois Will+}
   (You acquired it on level 11 of the Dungeon)

   rPois:     It protects you from poison.
   Will:      It increases your willpower.
 U - +0 steam dragon scales (worn)
 Y - a +1 cloak of poison resistance (worn)
Magical Staves
 p - a staff of fire
Jewellery
 o - a ring of protection from cold (left hand)
 r - an amulet of reflection (around neck)
 B - a ring of wizardry (right hand)
Wands
 g - a wand of digging (7)
 j - a wand of polymorph (6)
 k - a wand of paralysis (20)
Scrolls
 f - a scroll of enchant weapon
 h - a scroll of identify
 l - 2 scrolls of poison
 m - 2 scrolls of summoning
 n - 5 scrolls of teleportation
 s - 4 scrolls of vulnerability
 t - 2 scrolls of silence
 y - a scroll of fog
 G - a scroll of butterflies
 L - 5 scrolls of magic mapping
 N - 4 scrolls of noise {unknown}
Potions
 u - a potion of might
 z - a potion of cancellation {unknown}
 A - a potion of degeneration {unknown}
 C - a potion of berserk rage
 D - a potion of resistance {unknown}
 H - a potion of magic {unknown}
 I - a potion of attraction
 M - a potion of ambrosia {unknown}
 P - a potion of invisibility {unknown}
 Q - 4 potions of curing
 W - 3 potions of haste
Miscellaneous
 Z - a tin of tremorstones (2/2)


   Skills:
 + Level 9.2 Fighting
 - Level 10.4 Short Blades
 + Level 4.8 Dodging
 - Level 4.5 Stealth
 - Level 4.7 Spellcasting
 + Level 12.8 Hexes


You couldn't memorise any spells.
You knew the following spells:

 Your Spells              Type           Power      Damage    Failure   Level
a - Confusing Touch       Hex            54%        N/A       1%          3
b - Summon Mana Viper     Hex/Summ       30%        N/A       10%         5
c - Yara's Violent Unrav  Hex/Tmut       15%        3d8       10%         5
d - Enfeeble              Hex            27%        N/A       21%         7

Your spell library contained the following spells:

 Spells                   Type           Power      Damage    Failure   Level
 Gell's Gravitas          Tloc           4%         N/A       14%         3
 Teleport Other           Tloc           4%         N/A       14%         3
 Animate Dead             Necr           4%         N/A       41%         4
 Summon Ice Beast         Ice/Summ       4%         N/A       41%         4
 Dispersal                Tloc           2%         N/A       99%         6
 Haunt                    Necr/Summ      2%         N/A       100%        7
 Monstrous Menagerie      Summ           2%         N/A       100%        7
 Infestation              Necr           2%         N/A       100%        8


Dungeon Overview and Level Annotations

Branches:
Dungeon (11/15)            Temple (0/1) D:7            Lair (1/5) D:10
  Sewer (visited)           IceCv (1/1)
    Orc: D:9-12

Shops:
D:7 ?

Annotations:
D:6 1 runed translucent door, ytrimaz's ghost, novice DsGl
D:9 exclusion: obsidian statue IceCv exclusion: ice statue


Innate Abilities, Weirdness & Mutations

You have an increased reservoir of magic. (+10% MP)
You shall have no god before yourself.
Your divine heritage dramatically boosts your attributes as you level up.
Your mind is acute. (Int +4, Str/Dex -1)
You are weak. (Str -2)
You are vulnerable to heat. (rF-)


Message History

* * * LOW HITPOINT WARNING * * *
The ice beast hits you but does no damage.
You block the ice beast's attack.
The ice beast hits you but does no damage.
Unknown command.
The ice statue gestures at you. The freezing blast engulfs you! You resist.
* * * LOW HITPOINT WARNING * * *
You block the ice beast's attack. The ice beast hits you.
* * * LOW HITPOINT WARNING * * *
The ice beast freezes you. You resist.
* * * LOW HITPOINT WARNING * * *
Unknown command.
Unknown command.
Unknown command.
Unknown command.
The ice beast attacks as you move away! The ice beast barely misses you.
You are engulfed in freezing vapours.
You resist.
* * * LOW HITPOINT WARNING * * *
The ice beast hits you but does no damage.
The ice beast barely misses you.
Unknown command.
Unknown command.
Unknown command.
Unknown command.
Unknown command.
Okay, then.
Unknown command.
You feel much better.
You are engulfed in freezing vapours.
You resist.
* * * LOW HITPOINT WARNING * * *
The ice beast misses you. You block the ice beast's attack.
Unknown command.
Unknown command.
Unknown command.
Unknown command.
Unknown command.
Unknown command.
Unknown command.
You are engulfed in freezing vapours.
You resist.
You die...

#..#.[$ ##.##..#
#..##..# ###
#..#..#
##.####.##°8#
#...##..#°°##
#∩∩.....#°Y##
#...##..#YY○# .##
##.####.##°@##..#
### #..#..##..##
#..##.##...#..
##..#..#.....
#..#....#
#..##...#
##..#...##
#..##...#
##..##..##


You could see 3 ice beasts.

Vanquished Creatures
  2 boulder beetles (D:11)
  3 two-headed ogres
  A death yak (D:9)
  Urug (D:10)
  A lindwurm (Lair:1)
  A gargoyle (D:10)
  A cane toad (Lair:1)
  A komodo dragon (Lair:1)
  A kobold demonologist (D:11)
  A hornet (D:7)
  A polar bear (Lair:1)
  3 shadows
  2 wyverns
  Grum (D:7)
  A vampire (D:11)
  22 yaks
  A wraith (D:9)
  A steam dragon (D:8)
  A golden eye (D:10)
  A sky beast (D:7)
  4 water moccasins
  6 orc warriors
  2 black bears (D:7)
  A great orb of eyes simulacrum (IceCv)
  3 wolves
  3 ogres
  2 centaurs
  2 phantoms
  4 slime creature simulacra (IceCv)
  7 kobold brigands
  4 bullfrogs
  2 glowing shapeshifter simulacra (IceCv)
  3 necrophages
  A gnoll sergeant (D:9)
  3 scorpions
  5 wights
  6 killer bees
  An electric eel (D:10)
  2 howler monkeys (D:6)
  3 jellies
  4 hounds
  5 orc priests
  9 iguanas
  Jessica (D:2)
  8 orc wizards
  A shapeshifter simulacrum (IceCv)
  12 adders
  12 gnolls
  A river rat (D:6)
  2 shadow imps
  2 white imps
  2 ufetubi
  7 worms
  6 dart slugs
  29 orcs
  7 ball pythons
  4 endoplasms
  3 giant cockroaches
  10 goblins
  12 hobgoblins
  3 jackals
  44 kobolds
  4 quokkas
  10 bats
  2 frilled lizards (D:1)
  14 rats
325 creatures vanquished.

Vanquished Creatures (collateral kills)
  3 death yaks (D:10)
3 creatures vanquished.

Vanquished Creatures (others)
  An ogre (D:6)
  A kobold (D:6)
  9 fungi
11 creatures vanquished.

Grand Total: 339 creatures vanquished

Notes
Turn   | Place    | Note
-------+----------+-------------------------------------------
     0 | D:5      | drugrobin the Demigod Delver began the quest for the Orb.
     0 | D:5      | Reached XP level 1. HP: 18/18 MP: 3/3
    60 | D:5      | Noticed an iguana
    84 | D:5      | Noticed an iguana
   175 | D:5      | Noticed an orc wizard
   603 | D:2      | Gained mutation: You are occasionally teleported next to
                  | monsters. [potion of mutation]
   603 | D:2      | Gained mutation: You are vulnerable to heat. (rF-) [potion
                  | of mutation]
   603 | D:2      | Gained mutation: Your mind is acute. (Int +4, Str/Dex -1)
                  | [potion of mutation]
   611 | D:2      | Reached XP level 2. HP: 8/25 MP: 4/4
  1254 | D:1      | Lost mutation: You are occasionally teleported next to
                  | monsters. [potion of mutation]
  1254 | D:1      | Lost mutation: Your mind is acute. (Int +4, Str/Dex -1)
                  | [potion of mutation]
  1254 | D:1      | Gained mutation: You are weak. (Str -2) [potion of
                  | mutation]
  1254 | D:1      | Gained mutation: Your mind is acute. (Int +4, Str/Dex -1)
                  | [potion of mutation]
  1730 | D:1      | Reached XP level 3. HP: 28/30 MP: 5/5
  2359 | D:2      | Noticed Jessica
  3221 | D:2      | Killed Jessica
  3222 | D:2      | Reached XP level 4. HP: 31/37 MP: 6/6
  3983 | D:3      | You fall into a shaft and drop 1 floor!
  4022 | D:4      | Noticed a centaur
  4047 | D:4      | Killed a centaur
  4048 | D:4      | Reached skill level 5 in Short Blades
  4048 | D:4      | Reached XP level 5. HP: 8/42 MP: 7/7
  4602 | D:4      | Noticed an ogre
  4808 | D:5      | Reached XP level 6. HP: 50/50 MP: 8/8
  5081 | D:5      | Learned a level 3 spell: Confusing Touch
  5318 | D:5      | Reached skill level 1 in Hexes
  5868 | D:5      | Reached skill level 2 in Hexes
  6508 | D:3      | Reached XP level 7. HP: 50/56 MP: 9/9
  6727 | D:4      | Reached skill level 3 in Hexes
  7968 | D:5      | Reached skill level 4 in Hexes
  8416 | D:6      | Found a glowing drain.
  8546 | Sewer    | Entered a sewer
  9261 | D:6      | Reached XP level 8. HP: 57/62 MP: 10/10
  9308 | D:6      | Reached skill level 5 in Hexes
  9861 | D:6      | Found a runed translucent door.
  9863 | D:6      | Noticed ytrimaz's ghost (novice DsGl)
 10424 | D:7      | Found Mytwiu's Magic Scroll Boutique.
 10613 | D:7      | Bought a scroll of blinking for 105 gold pieces
 10613 | D:7      | Bought a scroll of teleportation for 42 gold pieces
 10613 | D:7      | Bought a scroll of enchant weapon for 105 gold pieces
 10613 | D:7      | Bought a scroll of butterflies for 56 gold pieces
 10613 | D:7      | Bought a scroll of amnesia for 56 gold pieces
 10719 | D:6      | Reached skill level 6 in Hexes
 11017 | D:7      | Found a staircase to the Ecumenical Temple.
 11525 | D:7      | Reached skill level 7 in Hexes
 11525 | D:7      | Reached XP level 9. HP: 40/68 MP: 2/11
 12488 | D:7      | Reached skill level 8 in Hexes
 12982 | D:8      | Reached skill level 10 in Short Blades
 13827 | D:8      | Noticed Grum
 13872 | D:7      | HP: 1/67 [wolf[Grum] (5)]
 14146 | D:7      | Killed Grum
 14534 | D:8      | Reached XP level 10. HP: 70/77 MP: 10/14
 14709 | D:8      | Reached skill level 1 in Spellcasting
 14856 | D:8      | Reached skill level 10 in Hexes
 14856 | D:8      | Reached XP level 11. HP: 61/89 MP: 14/21
 16319 | D:9      | Learned a level 5 spell: Summon Mana Viper
 16325 | D:9      | Learned a level 5 spell: Yara's Violent Unravelling
 16955 | D:9      | Reached skill level 11 in Hexes
 17036 | D:9      | Identified the +6 sling of Kismet {vorpal, rElec rPois
                  | Str+4}
 17116 | D:9      | Noticed an obsidian statue
 17118 | D:9      | Noticed a sun demon
 17119 | D:9      | Noticed a sixfirhy
 17464 | D:10     | Entered Level 10 of the Dungeon
 17804 | D:10     | Noticed a death yak
 17804 | D:10     | Noticed a death yak
 17805 | D:10     | Noticed a death yak
 17826 | D:9      | Killed a death yak
 17954 | D:10     | Noticed a death yak
 17954 | D:10     | Noticed a death yak
 17955 | D:10     | Noticed a death yak
 18046 | D:10     | Noticed a death yak
 18085 | D:10     | Killed a death yak
 18195 | D:10     | Noticed Maurice
 18199 | D:10     | Paralysed by something for 4 turns
 18644 | D:10     | Found a staircase to the Lair.
 18672 | D:10     | Killed a death yak
 18714 | D:10     | Killed a death yak
 19105 | D:10     | Noticed a two-headed ogre
 19120 | D:10     | Killed a two-headed ogre
 19333 | D:10     | Noticed Urug
 19363 | D:10     | Killed Urug
 19615 | D:10     | Noticed a two-headed ogre
 19626 | D:10     | Killed a two-headed ogre
 19627 | D:10     | Reached skill level 12 in Hexes
 19759 | D:10     | Noticed Maurice
 19759 | D:10     | Maurice changed into Maurice the golden eye
 19777 | D:10     | Killed Maurice the golden eye
 20009 | D:9      | HP: 3/94 [death yak (6)]
 20396 | D:10     | Noticed a nameless horror
 20401 | D:9      | Noticed a nameless horror
 20987 | D:11     | Noticed a boulder beetle
 21004 | D:11     | Killed a boulder beetle
 21047 | D:11     | Reached XP level 12. HP: 91/103 MP: 19/22
 21055 | D:11     | Learned a level 7 spell: Enfeeble
 21117 | D:11     | Noticed a boulder beetle
 21138 | D:11     | Killed a boulder beetle
 21227 | D:11     | Identified a scroll of acquirement
 21229 | D:11     | Acquired the +2 pair of gloves of the Crypt {rPois Will+}
 21819 | Lair:1   | Entered Level 1 of the Lair of Beasts
 22133 | Lair:1   | Found a frozen archway.
 22147 | IceCv    | Entered an ice cave
 22977 | IceCv    | HP: 2/104 [something] (9)]
 22979 | IceCv    | Engulfed by an ice statue's freezing vapour

Illustrated notes

Levels and vault maps discovered:
D:1:      dpeg_arrival_shrine, layout_basic, chequers_ecumenical_altar_grove,
          minmay_lizard_pond
D:2:      cheibrodos_greedy_goblins, layout_basic, uniq_jessica
D:3:      layout_basic, mainiacjoe_overflow_24_doors
D:4:      layout_basic
D:5:      layout_basic
D:6:      layout_loops_corners, ebering_ghost_reflecting_pool, serial_glass,
          glass_columns_c, glass_columns_c, glass_columns_a, glass_columns_b,
          glass_columns_a, glass_columns_a, glass_columns_a, glass_columns_c,
          glass_columns_a, glass_columns_c, glass_columns_a, glass_columns_c,
          glass_columns_b, glass_columns_a, portal_sewer_entry_b,
          dreamdust_mushroom_princess, lemuel_flamethrower_2
D:7:      minmay_bubble_buster, layout_basic, mainiacjoe_overflow_paths,
          minmay_temple_entry_sparse_star, serial_shops, nicolae_square_shop
D:8:      layout_rooms, mainiacjoe_overflow_catch_the_wave, uniq_grum
D:9:      layout_gridville, minivault_16
D:10:     layout_loops_ring, dpeg_lair_monsters, nrook_mini_vaults,
          kennysheep_crisscross, kennysheep_generic_room_7, uniq_urug,
          uniq_maurice
D:11:     layout_rooms
Lair:1:   layout_regular_city, portal_ice_cave_entry_pillars_2,
          grunt_megastairs_1
IceCv:    ice_cave_hellmonk_azure_passage

Skill      XL: |  1  2  3  4  5  6  7  8  9 10 11 12 |
---------------+-------------------------------------+-----
Short Blades   | 2 3 4 5 6 7 9 10 | 10.4
Hexes          | 2 4 7 8 10 12 | 12.8
Fighting       | 3 6 8 9 |  9.2
Spellcasting   | 4 |  4.7
Dodging        | 4 |  4.8
Stealth        | |  4.5

Action                   |  1- 3 |  4- 6 |  7- 9 | 10-12 || total
-------------------------+-------+-------+-------+-------++-------
Melee: Short sword       |   202 |    55 |    43 |    44 ||   344
       Unarmed           |    10 |       |       |       ||    10
       Punch             |     5 |       |    10 |    20 ||    35
       Rapier            |       |   159 |   277 |       ||   436
       Flail             |       |     4 |       |       ||     4
       Dagger            |       |       |   291 |   746 ||  1037
       Shortbow          |       |       |       |     1 ||     1
 Fire: Sling             |    38 |     1 |       |    16 ||    55
       Shortbow          |       |    59 |    23 |       ||    82
Throw: Boomerang         |       |     1 |    15 |    32 ||    48
       Dart              |       |       |     3 |       ||     3
 Cast: Confusing Touch   |       |       |    48 |    76 ||   124
       Summon Mana Viper |       |       |       |     9 ||     9
       Yara's Violent Un |       |       |       |     1 ||     1
Evoke: Wand              |       |       |     1 |     3 ||     4
  Use: Potion            |     5 |     2 |     2 |     3 ||    12
       Scroll            |       |     5 |     6 |    11 ||    22
 Stab: Sleeping          |     5 |     4 |     3 |     5 ||    17
       Distracted        |     2 |       |       |       ||     2
       Confused          |       |       |    39 |    86 ||   125
       Paralysed         |       |       |     2 |       ||     2
Armor: Leather armour    |    30 |       |       |       ||    30
       Skin              |     4 |       |       |       ||     4
       Ring mail         |    23 |    63 |    29 |       ||   115
       Chain mail        |       |       |    22 |       ||    22
       Scale mail        |       |       |    70 |     3 ||    73
       Steam dragon scal |       |       |     9 |    68 ||    77
Dodge: Dodged            |    98 |   109 |   216 |   194 ||   617
Block: Other             |     1 |    41 |   122 |    80 ||   244
       Reflection        |       |       |     3 |     1 ||     4
